 Dungeon Crawl Stone Soup version 0.22.1-2-g9c5b331 (webtiles) character file.

146217 teukkam the Warrior (level 16, -25/152 HPs)
             Began as a Minotaur Fighter on Nov 16, 2018.
             Was the Champion of Wu Jian.
             Annihilated by a tyrant leech (27 damage)
             ... on level 4 of the Spider Nest on Nov 19, 2018.
             The game lasted 03:32:28 (26526 turns).

teukkam the Warrior (Minotaur Fighter)             Turns: 26526, Time: 03:32:29

Health: -25/152    AC: 33    Str: 34    XL:     16   Next: 59%
Magic:  0/29       EV:  7    Int: 11    God:    Wu Jian [******]
Gold:   1796       SH: 12    Dex: 10    Spells: 35/35 levels left

rFire    + . .     SeeInvis .   F - +2 demon trident (venom)
rCold    + + +     Gourm    .   R - +1 shield {AC+3}
rNeg     + . .     Faith    .   x - +1 gold dragon scales
rPois    +         Spirit   +   (helmet restricted)
rElec    .         Reflect  .   n - +1 cloak
rCorr    .         Harm     .   K - +2 pair of gloves "Ranono" {rPois rN+ MR- Int+6}
MR       +....                  t - +0 pair of boots of Duwu {rC++ MR+}
Stlth    ..........             E - amulet of guardian spirit
HPRegen  0.35/turn              P - +2 ring of evasion
MPRegen  0.21/turn              T - +6 ring of strength

@: slowed, very slow
A: retaliatory headbutt, horns 2, talons 1, blurry vision 1
}: 1/15 runes: decaying
a: Wall Jump, Serpent's Lash, Heavenly Storm, Renounce Religion


You were on level 4 of the Spider Nest.
You worshipped Wu Jian.
Wu Jian was exalted by your worship.
You were not hungry.

You visited 5 branches of the dungeon, and saw 27 of its levels.
You also visited: Ossuary and Bailey.

You collected 2137 gold pieces.
You spent 341 gold pieces at shops.

Inventory:

Hand Weapons
 a - the +8 trident of the Tiger {drain, rPois MR+}
   (You took it off a spriggan on level 8 of the Dungeon)

   A truly terrible weapon, it drains the life of those it strikes.
   It protects you from poison.
   It affects your resistance to hostile enchantments.
 b - a +1 hand crossbow of freezing
 k - the +9 dagger "Susi" {freeze, MP+9 Int+3}
   (You found it on level 4 of the Spider Nest)

   It has been specially enchanted to freeze those struck by it, causing extra
   injury to most foes and up to half again as much damage against particularly
   susceptible opponents.
   It can also slow down cold-blooded creatures.
   It affects your intelligence (+3).
   It affects your magic capacity (+9).
 m - the +1 dagger "Udyn" {pain, rPois rN+ Int+3}
   (You found it on level 4 of the Spider Nest)

   In the hands of one skilled in necromantic magic, it inflicts extra damage on
   living creatures.
   It affects your intelligence (+3).
   It protects you from poison.
   It protects you from negative energy.
 F - a +2 demon trident of venom (weapon)
 W - a +0 blowgun
Missiles
 d - 91 bolts
 z - 4 needles of sleeping
 N - 6 javelins of penetration
 S - 20 poisoned needles
 V - 7 curare-tipped needles
 Z - 15 tomahawks (quivered)
Armour
 n - a +1 cloak (worn)
 t - the +0 pair of boots of Duwu (worn) {rC++ MR+}
   (You bought it in a shop on level 2 of the Orcish Mines)

   It greatly protects you from cold.
   It affects your resistance to hostile enchantments.
 x - +1 gold dragon scales (worn)
 K - the +2 pair of gloves "Ranono" (worn) {rPois rN+ MR- Int+6}
   (You found it on level 6 of the Lair of Beasts)

   It affects your intelligence (+6).
   It protects you from poison.
   It protects you from negative energy.
   It affects your resistance to hostile enchantments.
 R - a +1 shield of protection (worn)
Jewellery
 p - an uncursed ring of protection from fire
 E - an amulet of guardian spirit (around neck)
 G - a cursed -3 ring of strength
 P - a +2 ring of evasion (left hand)
 T - a +6 ring of strength (right hand)
Wands
 w - a wand of digging (11)
 B - a wand of iceblast (13)
 O - a wand of paralysis (34)
 Q - a wand of acid (14)
 U - a wand of polymorph (27)
 Y - a wand of disintegration (14)
Scrolls
 c - a scroll of fog
 h - 2 scrolls of fear
 i - 21 scrolls of identify
 s - 4 scrolls of magic mapping
 v - 3 scrolls of immolation
 A - 8 scrolls of remove curse
 D - 4 scrolls of enchant armour
 J - 2 scrolls of silence
 L - 8 scrolls of teleportation
Potions
 e - 4 potions of agility
 g - 3 potions of ambrosia
 j - 2 potions of flight
 o - 8 potions of lignification
 q - a potion of cancellation
 r - 2 potions of heal wounds
 u - 5 potions of resistance
 C - 5 potions of brilliance
 H - 7 potions of curing
 I - 4 potions of might
 M - 3 potions of magic
Miscellaneous
 l - a lightning rod (3/4)
 X - a box of beasts
Comestibles
 f - 14 rations


   Skills:
 + Level 16.6 Fighting
   Level 5.0(11.7) Axes
   Level 7.7(8.4) Maces & Flails
 + Level 14.3(14.6) Polearms
 - Level 11.4 Crossbows
 + Level 8.9 Throwing
 + Level 16.5 Armour
 - Level 6.5 Shields
 + Level 10.3 Spellcasting


You had 35 spell levels left.
You didn't know any spells.
Your spell library contained the following spells:

 Spells                   Type           Power        Failure   Level  Hunger
 Confusing Touch          Hex            #.....       98%         1    None
 Corona                   Hex            #......      98%         1    None
 Infusion                 Chrm           #...         98%         1    None
 Magic Dart               Conj           #...         98%         1    None
 Sandblast                Erth           #.....       98%         1    None
 Shock                    Conj/Air       #...         98%         1    None
 Corpse Rot               Necr           N/A          99%         2    None
 Ensorcelled Hibernation  Hex/Ice        #.....       99%         2    None
 Passwall                 Tmut/Erth      #.......     99%         2    None
 Poisonous Vapours        Pois/Air       #.....       99%         2    None
 Searing Ray              Conj           #.....       99%         2    None
 Shroud of Golubria       Chrm/Tloc      #.........   99%         2    None
 Song of Slaying          Chrm           #.......     99%         2    None
 Sublimation of Blood     Necr           #.........   99%         2    None
 Swiftness                Chrm/Air       #.......     99%         2    None
 Confuse                  Hex            #.......     100%        3    ##.....
 Conjure Flame            Conj/Fire      #.......     100%        3    ##.....
 Dazzling Spray           Conj/Hex       #.....       100%        3    ##.....
 Gell's Gravitas          Tloc           #.........   100%        3    ##.....
 Mephitic Cloud           Conj/Pois/Air  #.......     100%        3    ##.....
 Regeneration             Chrm/Necr      #.........   100%        3    ##.....
 Spectral Weapon          Hex/Chrm       #.......     100%        3    ##.....
 Static Discharge         Conj/Air       #.......     100%        3    ##.....
 Stone Arrow              Conj/Erth      #.....       100%        3    ##.....
 Tukima's Dance           Hex            #.......     100%        3    ##.....
 Airstrike                Air            #.........   100%        4    ####...
 Cause Fear               Hex            #.........   100%        4    ####...
 Force Lance              Conj/Tloc      #.......     100%        4    ####...
 Fulminant Prism          Conj/Hex       #.........   100%        4    ####...
 Iskenderun's Mystic Bla  Conj           #.......     100%        4    ####...
 Petrify                  Tmut/Erth      #.......     100%        4    ####...
 Agony                    Necr           #.......     100%        5    #####..
 Bolt of Draining         Conj/Necr      #.........   100%        5    #####..
 Dispel Undead            Necr           #.......     100%        5    #####..
 Excruciating Wounds      Chrm/Necr      #.........   100%        5    #####..
 Lee's Rapid Deconstruct  Erth           #.........   100%        5    #####..
 Lightning Bolt           Conj/Air       #.........   100%        5    #####..
 Metabolic Englaciation   Hex/Ice        #.........   100%        5    #####..
 Silence                  Hex/Air        #.........   100%        5    #####..
 Yara's Violent Unravell  Hex/Tmut       #.........   100%        5    #####..
 Deflect Missiles         Chrm/Air       #.........   100%        6    #######
 Freezing Cloud           Conj/Ice/Air   #.........   100%        6    #######
 Ring of Flames           Chrm/Fire      #.........   100%        7    #######
 Discord                  Hex            #.........   100%        8    #######


Dungeon Overview and Level Annotations

Branches:
Dungeon (11/15)            Temple (0/1) D:4            Lair (6/6) D:9
  Swamp (4/4) Lair:2       Spider (4/4) Lair:3        Slime (0/5) Lair:5
    Orc (2/2) D:11            Elf (0/3) Orc:2

Altars:
Cheibriados
Fedhas
Gozag
Hepliaklqana
Kikubaaqudgha
Makhleb
Trog
Vehumet
Wu Jian
Yredelemnul
The Shining One
Beogh
Jiyva

Shops:
D:6 !   D:9 *   Orc:1 %   Orc:2 :[?}%

Annotations:
D:2 2 transporters
D:9 3 runed doors, Erica; MalarOregon's ghost, novice MfIE


Innate Abilities, Weirdness & Mutations

You reflexively headbutt those who attack you in melee.
You have a pair of horns on your head.
You have sharp toenails.
Scrolls take you a little longer to read.


Message History

* * * LOW HITPOINT WARNING * * *
The tyrant leech barely misses you. The tyrant leech bites you!!
* * * LOW HITPOINT WARNING * * *
The tyrant leech draws strength from your injuries!
The swamp worm bites you!
* * * LOW HITPOINT WARNING * * *
You block the tyrant leech's attack. The tyrant leech barely misses you.
The moth of wrath goads the tyrant leech on!
The tyrant leech goes berserk!
You block the tyrant leech's attack.
Okay, then.
Really read with blurry vision while enemies are nearby?
Okay, then.
Really read with blurry vision while enemies are nearby?
You block the swamp worm's attack.
The tyrant leech bites the plant.
The plant is destroyed!
Being near the torpor snail leaves you feeling lethargic.
You block the tyrant leech's attack.
You begin reading the scroll.
You continue reading the scroll.
You block the swamp worm's attack. x2; The tyrant leech bites you!!
You die...

#..# #..# ####.##
#.^...#
#########.###.#
###....^^..^# #.###
#...≈≈≈≈≈≈≈.####..##
#.≈≈≈≈≈≈≈≈≈≈w#####^#
#≈≈≈#######ww@#
##.### #≈≈
#yw.≈≈#www# #.##.##


?.≈≈wywwww# #.....##### #≈≈.ww#≈≈≈# ####..#...## #######≈≈≈# ##^.....### ≈≈≈.#
#....^#^...#. ≈≈..#. #.......#.##.# ....#^##.#..#.##...##. ##.#. ..........^#<..
You could see 11 tyrant leeches, a torpor snail, a moth of wrath and a swamp
worm (berserk).

Vanquished Creatures
  2 thorn hunters
  2 ghost moths (Spider:4)
  An orc warlord (Orc:1)
  An emperor scorpion (Spider:4)
  2 entropy weavers (Spider:3)
  A spark wasp (Spider:3)
  3 fire dragons (Swamp:4)
  Erolcha (Orc:2)
  Josephine (Orc:2)
  An ogre mage (Orc:2)
  16 hydras
  2 ghost crabs (Swamp:4)
  12 alligators
  9 death yaks
  3 two-headed ogres
  Sonja (D:10)
  The ghost of Valentain the Digger, a novice OpEE of Ashenzari (D:8)
  Nergalle (Orc:2)
  A fire crab (Swamp:4)
  A spriggan druid (Swamp:4)
  3 swamp dragons (Swamp:4)
  2 lindwurms (Swamp:4)
  2 shambling mangroves
  An orc knight (Orc:2)
  7 orc sorcerers (Orc:2)
  23 wolf spiders
  15 orb spiders
  4 black mambas
  15 elephants
  2 moths of wrath
  Maurice (D:10)
  A molten gargoyle (Swamp:4)
  2 torpor snails
  Joseph (D:9)
  12 spiny frogs
  12 demonic crawlers
  8 komodo dragons
  3 trolls
  11 hornets
  9 polar bears (Lair:6)
  11 blink frogs
  20 jumping spiders
  6 tyrant leeches
  A dream sheep (Lair:6)
  5 bog bodies
  3 raiju (Lair:6)
  5 hippogriffs
  A shadow (Swamp:3)
  41 redbacks
  9 spriggans
  3 wyverns
  18 tarantellas
  4 wraiths (Orc:2)
  27 yaks
  A steam dragon (Swamp:4)
  2 basilisks
  4 fire bats (Swamp:4)
  5 vampire mosquitoes
  Menkaure (Ossuary)
  10 swamp worms
  10 wargs
  11 insubstantial wisps
  11 porcupines
  12 hell hounds (Lair:6)
  11 water moccasins
  An acid dragon (D:10)
  13 swamp drakes
  2 ice beasts (D:7)
  18 orc warriors
  2 sky beasts
  11 black bears (Lair:6)
  3 phantoms
  17 wolves
  12 ogres
  15 crocodiles
  4 centaurs
  A big kobold (D:8)
  11 bullfrogs
  5 scorpions
  5 killer bees
  3 wights (D:8)
  2 electric eels
  2 howler monkeys
  7 crimson imps
  3 jellies
  30 orc wizards
  4 centaur skeletons
  9 orc priests
  6 hounds
  2 iguanas
  A hell rat (D:9)
  10 worker ants
  A hound skeleton (D:4)
  2 mummies (Ossuary)
  11 adders
  3 gnolls (D:7)
  A shadow imp (D:8)
  An ooze (D:7)
  2 worms
  2 dart slugs
  3 leopard geckos
  61 orcs
  10 giant cockroaches
  3 gnoll zombies (Ossuary)
  11 goblins
  12 hobgoblins
  9 jackals
  9 quokkas
  3 ball pythons
  9 bats
  3 frilled lizards
  A giant cockroach zombie (D:6)
  5 goblin skeletons (Ossuary)
  A goblin zombie (Ossuary)
  A hobgoblin skeleton (Ossuary)
  4 hobgoblin zombies (Ossuary)
  3 jackal skeletons
  11 kobolds
  2 kobold skeletons (Ossuary)
  2 kobold zombies (Ossuary)
  An orc skeleton (Ossuary)
  An orc zombie (Ossuary)
  7 rats
  4 rat skeletons (Ossuary)
826 creatures vanquished.

Vanquished Creatures (others)
  A swamp dragon (Swamp:4)
  A blink frog (Swamp:4)
  4 swamp drakes (Swamp:4)
  An orc wizard (Orc:2)
  A mummy (Ossuary)
  3 gnoll zombies (Ossuary)
  A goblin skeleton (Ossuary)
  2 goblin zombies (Ossuary)
  4 hobgoblin zombies (Ossuary)
  3 kobold skeletons (Ossuary)
  2 kobold zombies (Ossuary)
  4 orc skeletons (Ossuary)
  2 orc zombies (Ossuary)
  4 rat skeletons (Ossuary)
  A rat zombie (Ossuary)
  2 fungi (Lair:5)
  21 plants
57 creatures vanquished.

Grand Total: 883 creatures vanquished

Notes
Turn   | Place    | Note
-------+----------+-------------------------------------------
     0 | D:1      | teukkam the Minotaur Fighter began the quest for the Orb.
     0 | D:1      | Reached XP level 1. HP: 19/19 MP: 0/0
   108 | D:1      | Reached XP level 2. HP: 25/27 MP: 1/1
   418 | D:1      | Reached XP level 3. HP: 33/33 MP: 2/2
   774 | D:2      | Noticed an ogre
   780 | D:2      | Killed an ogre
   780 | D:2      | Reached XP level 4. HP: 41/41 MP: 3/3
   782 | D:2      | Reached XP level 5. HP: 47/47 MP: 4/4
   808 | D:2      | Found a hazy altar of Hepliaklqana.
   900 | D:2      | Found a transporter.
   919 | D:2      | Noticed an ogre
   920 | D:2      | Found a transporter.
   927 | D:2      | Found an ancient bone altar of Kikubaaqudgha.
  1266 | D:3      | Found an opulent altar of Gozag.
  1540 | D:5      | Entered Level 5 of the Dungeon
  1558 | D:4      | Identified a scroll of acquirement
  1607 | D:4      | Reached skill level 5 in Armour
  1647 | D:4      | Reached skill level 5 in Fighting
  1647 | D:4      | Reached skill level 5 in Shields
  1812 | D:4      | Reached skill level 1 in Maces & Flails
  1812 | D:4      | Reached XP level 6. HP: 52/56 MP: 5/5
  1936 | D:4      | Noticed an orc warrior
  1953 | D:4      | Killed an orc warrior
  2073 | D:4      | Found an ornate altar of the Wu Jian Council.
  2089 | D:4      | Became a worshipper of the Wu Jian Council
  2651 | D:3      | Reached XP level 7. HP: 62/62 MP: 6/6
  2908 | D:3      | Found a bloodstained altar of Trog.
  3365 | D:4      | Found a staircase to the Ecumenical Temple.
  3740 | D:6      | Reached * piety under Wu Jian
  3864 | D:6      | Found Huadas's Distillery.
  4272 | D:6      | Reached XP level 8. HP: 64/71 MP: 7/7
  4793 | D:6      | Reached skill level 1 in Crossbows
  5058 | D:7      | Found a blossoming altar of Fedhas.
  5058 | D:7      | Found a radiant altar of Vehumet.
  5085 | D:7      | Noticed a hippogriff
  5093 | D:7      | Killed a hippogriff
  5117 | D:7      | Reached skill level 5 in Maces & Flails
  5154 | D:7      | Found a sand-covered staircase.
  5160 | Ossuary  | Entered an ossuary
  5321 | Ossuary  | Reached ** piety under Wu Jian
  5433 | Ossuary  | Noticed Menkaure
  5436 | Ossuary  | Killed Menkaure
  5636 | D:7      | Found a burning altar of Makhleb.
  5949 | D:7      | Reached XP level 9. HP: 81/81 MP: 8/8
  6011 | D:7      | Found a snail-covered altar of Cheibriados.
  6938 | D:8      | Reached skill level 5 in Crossbows
  7036 | D:8      | Found a runed door.
  7054 | D:8      | Found a flagged portal.
  7061 | Bailey   | Entered a bailey
  7105 | Bailey   | Reached *** piety under Wu Jian
  7225 | Bailey   | Gained mutation: You are frail. (-10% HP) [potion of
                  | mutation]
  7225 | Bailey   | Lost mutation: You are frail. (-10% HP) [potion of
                  | mutation]
  7225 | Bailey   | Gained mutation: You are dopey. (Int -2) [potion of
                  | mutation]
  7225 | Bailey   | Gained mutation: You are agile. (Dex +2) [potion of
                  | mutation]
  7478 | D:8      | Noticed Valentain's ghost (novice OpEE)
  7558 | D:8      | Reached XP level 10. HP: 72/91 MP: 6/9
  7558 | D:8      | Killed Valentain's ghost
  7567 | D:8      | Reached skill level 5 in Axes
  7576 | D:8      | Got an ancient trident {drain}
  7577 | D:8      | Identified the +8 trident of the Tiger {drain, rPois MR+}
                  | (You took it off a spriggan on level 8 of the Dungeon)
  7868 | D:9      | Noticed a death yak
  7869 | D:9      | Noticed a death yak
  7870 | D:9      | Found a staircase to the Lair.
  7870 | D:9      | Noticed a death yak
  7874 | D:9      | Noticed Erica
  7903 | D:9      | Killed a death yak
  7903 | D:9      | Reached skill level 10 in Fighting
  7903 | D:9      | Reached skill level 10 in Armour
  7909 | D:9      | Killed a death yak
  7920 | D:9      | Killed a death yak
  8085 | D:9      | Noticed Joseph
  8103 | D:9      | Killed Joseph
  8117 | D:9      | Found Koupaink's Changing Room.
  8135 | D:9      | Bought a potion of mutation for 104 gold pieces
  8135 | D:9      | Lost mutation: You are agile. (Dex +2) [potion of mutation]
  8135 | D:9      | Lost mutation: You are dopey. (Int -2) [potion of mutation]
  8135 | D:9      | Gained mutation: Your mind is acute. (Int +2) [potion of
                  | mutation]
  8135 | D:9      | Gained mutation: Scrolls take you a little longer to read.
                  | [potion of mutation]
  8135 | D:9      | Lost mutation: Your mind is acute. (Int +2) [potion of
                  | mutation]
  8135 | D:9      | Gained mutation: You have sharp toenails. [potion of
                  | mutation]
  8152 | D:9      | Found a runed gate.
  8152 | D:9      | Found a runed gate.
  8152 | D:9      | Found a runed gate.
  8152 | D:9      | Noticed MalarOregon's ghost (novice MfIE)
  8257 | D:9      | Found a basalt altar of Yredelemnul.
  8260 | D:9      | Noticed a profane servitor
  8269 | D:9      | Found a glowing golden altar of the Shining One.
  8271 | D:9      | Noticed an angel
  8352 | Lair:1   | Entered Level 1 of the Lair of Beasts
  8366 | Lair:1   | Reached XP level 11. HP: 94/101 MP: 10/10
  8515 | Lair:2   | Reached **** piety under Wu Jian
  8515 | Lair:2   | Reached skill level 5 in Polearms
  9193 | Lair:2   | Found a staircase to the Swamp.
  9440 | Lair:3   | Found a hole to the Spider Nest.
 10035 | Lair:4   | Reached skill level 1 in Spellcasting
 10666 | Lair:5   | Reached XP level 12. HP: 78/112 MP: 10/15
 10947 | Lair:5   | Found a staircase to the Slime Pits.
 10948 | Lair:5   | Found a viscous altar of Jiyva.
 11596 | Lair:6   | Entered Level 6 of the Lair of Beasts
 11755 | Lair:6   | Reached ***** piety under Wu Jian
 12039 | Lair:6   | Reached skill level 10 in Crossbows
 12492 | Lair:6   | Reached skill level 5 in Spellcasting
 12813 | Lair:6   | Reached XP level 13. HP: 122/122 MP: 20/20
 12883 | Lair:6   | Got a pair of brightly glowing gloves
 12896 | Lair:6   | Identified the +2 pair of gloves "Ranono" {rPois rN+ MR-
                  | Int+6} (You found it on level 6 of the Lair of Beasts)
 13529 | Lair:6   | Reached skill level 10 in Polearms
 14221 | Lair:3   | Reached ****** piety under Wu Jian
 15563 | D:10     | Entered Level 10 of the Dungeon
 15570 | D:10     | Noticed Maurice
 15691 | Swamp:1  | Entered Level 1 of the Swamp
 15776 | Swamp:1  | Reached skill level 1 in Throwing
 16235 | Swamp:2  | Noticed a thorn hunter
 16246 | Swamp:2  | Killed a thorn hunter
 16246 | Swamp:2  | Reached XP level 14. HP: 119/132 MP: 20/24
 16664 | Swamp:4  | Entered Level 4 of the Swamp
 16743 | Swamp:3  | Noticed a thorn hunter
 16758 | Swamp:3  | Killed a thorn hunter
 17909 | D:10     | Noticed Sonja
 17931 | D:10     | Killed Sonja
 18180 | D:10     | Killed Maurice
 18255 | D:11     | Found a staircase to the Orcish Mines.
 18296 | Orc:1    | Entered Level 1 of the Orcish Mines
 18303 | Orc:1    | Noticed an orc warlord
 18346 | Orc:1    | Killed an orc warlord
 18511 | Orc:1    | Found Umup's Food Boutique.
 18619 | Orc:2    | Entered Level 2 of the Orcish Mines
 18624 | Orc:2    | Found Emymenk's Food Shop.
 18658 | Orc:2    | Noticed Josephine
 18669 | Orc:2    | Killed Josephine
 18677 | Orc:2    | Reached skill level 5 in Throwing
 18922 | Orc:2    | Found a staircase to the Elven Halls.
 18973 | Orc:2    | Found Viyclu's Gadget Shop.
 18980 | Orc:2    | Found Besezaref's Magic Scroll Boutique.
 19033 | Orc:2    | Found a radiant altar of Vehumet.
 19033 | Orc:2    | Noticed Erolcha
 19042 | Orc:2    | Killed Erolcha
 19129 | Orc:2    | Noticed Nergalle
 19142 | Orc:2    | Reached skill level 15 in Fighting
 19506 | Orc:2    | Killed Nergalle
 19534 | Orc:2    | Found an ancient bone altar of Kikubaaqudgha.
 19554 | Orc:2    | Found a roughly hewn altar of Beogh.
 19554 | Orc:2    | Found Kyeshraocs's Antique Armour Boutique.
 19556 | Orc:2    | Found Buwkojedd's Book Shop.
 19571 | Orc:2    | Reached skill level 15 in Armour
 19571 | Orc:2    | Paralysed by an orc sorcerer for 7 turns
 19579 | Orc:2    | Paralysed by an orc sorcerer for 7 turns
 19628 | Orc:2    | Bought a pair of brightly glowing boots for 237 gold pieces
 19638 | Orc:2    | Identified the +0 pair of boots of Duwu {rC++ MR+} (You
                  | bought it in a shop on level 2 of the Orcish Mines)
 20454 | Swamp:4  | Reached XP level 15. HP: 141/141 MP: 27/27
 22114 | Swamp:4  | Got a decaying rune of Zot
 22321 | Spider:1 | Entered Level 1 of the Spider Nest
 23693 | Spider:3 | Reached XP level 16. HP: 92/151 MP: 19/28
 24004 | Spider:3 | Reached skill level 10 in Spellcasting
 24291 | Spider:4 | Entered Level 4 of the Spider Nest
 24489 | Spider:4 | Got a fine dagger
 24490 | Spider:4 | Identified the +9 dagger "Susi" {freeze, MP+9 Int+3} (You
                  | found it on level 4 of the Spider Nest)
 24619 | Spider:4 | Got a bloodstained dagger
 24620 | Spider:4 | Identified the cursed +1 dagger "Udyn" {pain, rPois rN+
                  | Int+3} (You found it on level 4 of the Spider Nest)
 26524 | Spider:4 | HP: 1/152 [swamp worm (13)]
 26526 | Spider:4 | Annihilated by a tyrant leech

Skill      XL: |  1  2  3  4  5  6  7  8  9 10 11 12 13 14 15 16 |
---------------+-------------------------------------------------+-----
Armour         | 4 5 6 8 9 10 11 13 14 15 16 | 16.5
Shields        | 4 5 6 |  6.5
Fighting       | 4 5 6 8 9 10 12 13 14 15 16 | 16.6
Axes           | 3 4 5 |  5.0
Maces & Flails | 1 2 4 6 7 |  7.7
Crossbows      | 3 5 7 9 10 11 | 11.4
Polearms       | 4 7 9 11 12 13 14 | 14.3
Spellcasting   | 2 5 7 9 10 | 10.3
Throwing       | 2 5 7 8 |  8.9

Action                   |  1- 3 |  4- 6 |  7- 9 | 10-12 | 13-15 | 16-18 || total
-------------------------+-------+-------+-------+-------+-------+-------++-------
Melee: War axe           |    87 |    59 |       |       |       |       ||   146
       Headbutt          |    10 |    16 |    39 |   134 |   284 |    72 ||   555
       Dagger            |     5 |       |       |       |       |       ||     5
       Flail             |       |    46 |   275 |       |       |       ||   321
       Battleaxe         |       |       |    14 |     7 |       |       ||    21
       Hand crossbow     |       |       |     6 |       |       |       ||     6
       Trident           |       |       |       |   707 |  1428 |    88 ||  2223
       Demon trident     |       |       |       |       |       |   251 ||   251
 Fire: Shortbow          |       |       |     1 |       |       |       ||     1
       Hand crossbow     |       |       |    97 |    52 |    64 |    12 ||   225
       Blowgun           |       |       |       |       |    20 |   111 ||   131
Throw: Stone             |       |     5 |     8 |       |       |       ||    13
       Tomahawk          |       |       |       |     8 |    61 |     1 ||    70
       Javelin           |       |       |       |       |    45 |       ||    45
Invok: Lunge             |       |     2 |    27 |    10 |    17 |     5 ||    61
       Whirlwind         |       |       |   102 |   334 |   526 |    75 ||  1037
       Wall Jump         |       |       |    32 |   103 |   175 |    46 ||   356
       Heavenly Storm    |       |       |       |       |     1 |       ||     1
Evoke: Wand              |       |       |     4 |     1 |    46 |     2 ||    53
       Lightning rod     |       |       |     2 |     4 |     2 |     2 ||    10
  Use: Potion            |     1 |       |     1 |    10 |     5 |       ||    17
       Scroll            |       |     7 |     8 |    10 |     6 |     5 ||    36
 Stab: Invisible         |       |       |       |     1 |       |       ||     1
       Confused          |       |       |       |       |     1 |       ||     1
       Distracted        |       |       |       |       |       |     1 ||     1
  Eat: Chunk             |       |     4 |     3 |     9 |     8 |       ||    24
       Ration            |       |     1 |     4 |     2 |     9 |     3 ||    19
Armor: Scale mail        |    29 |    37 |       |       |       |       ||    66
       Chain mail        |       |     8 |   103 |       |       |       ||   111
       Gold dragon scale |       |       |    22 |   367 |   771 |   235 ||  1395
Dodge: Dodged            |    25 |    11 |    31 |   108 |   219 |    70 ||   464
Block: Shield            |    35 |       |    12 |   285 |   532 |   115 ||   979
       Large shield      |    26 |   112 |   201 |       |       |       ||   339
